 Dungeon Crawl Stone Soup version 0.29-a0-830-gcb1280458a (webtiles) character file.

Game seed: 9286568269385119094

1472 RBrandon the Trooper (level 8, -4/71 HPs)
             Began as a Palentonga Berserker on July 12, 2022.
             Was a Priest of Trog.
             Slain by Edmund
             ... wielding a +0 flail of venom
              (8 damage)
             ... on level 4 of the Dungeon.
             The game lasted 00:07:05 (4107 turns).

RBrandon the Trooper (Palentonga Berserker)         Turns: 4107, Time: 00:07:06

Health: -4/71      AC: 16    Str: 23    XL:     8   Next: 49%
Magic:  8/8        EV:  3    Int:  7    God:    Trog [***...]
Gold:   68         SH:  0    Dex: 10    Spells: 7/7 levels left

rFire   . . .      SeeInvis +   p - +0 war axe
rCold   + . .      Faith    .   u - +2 tower shield
rNeg    . . .      Spirit   .   k - +2 chain mail {rC+}
rPois   .          Reflect  .   (no helmet)
rElec   .          Harm     .   (no cloak)
rCorr   .          Rampage  .   (no gloves)
Will    ++...                   (no barding)
Stlth   ..........              (no amulet)
HPRegen 1.21/turn               (no ring)
MPRegen 0.11/turn               (no ring)

@: confused, lethally poisoned (-4 -> -5), ambrosia-drunk, strong-willed, on
berserk cooldown, regenerating, slowed, curled up, very slow
A: large, rugged brown scales 3, see invisible, deformed body, roll 1, armoured
tail, reflexive curl
a: Rolling Charge, Renounce Religion, Berserk, Trog's Hand


You were on level 4 of the Dungeon.
You worshipped Trog.
Trog was most pleased with you.
You visited 1 branch of the dungeon, and saw 4 of its levels.

You collected 68 gold pieces.

Inventory:

Hand Weapons
 a - a +0 hand axe
 i - a +0 quarterstaff
 j - a +4 quarterstaff of chaos
   (You took it off Crazy Yiuf on level 3 of the Dungeon)
 p - a +0 war axe (weapon)
Missiles
 s - 2 throwing nets
Armour
 b - a +0 animal skin
 e - a +0 cloak
 h - a +0 ring mail
 k - a +2 chain mail of cold resistance (worn)
   (You found it on level 2 of the Dungeon)
 u - a +2 tower shield (worn)
Jewellery
 n - a ring of positive energy
Scrolls
 f - a scroll of fear
 g - 3 scrolls of teleportation
Potions
 c - a potion of invisibility
 l - a potion of cancellation
 m - a potion of haste {unknown}
 o - 2 potions of ambrosia
 q - 2 potions of lignification


   Skills:
 - Level 7.0 Fighting
 - Level 6.0 Axes
 - Level 1.8 Armour
 - Level 1.6 Dodging
 + Level 5.9 Shields


You had 7 spell levels left.
You didn't know any spells.
Your spell library was empty.

Dungeon Overview and Level Annotations

Branches:
Dungeon (4/15)
 Temple: D:4-7

Altars:
Ashenzari

Annotations:
D:4 Edmund, Grinder


Innate Abilities, Weirdness & Mutations

You are completely covered in rugged brown scales. (AC +3, +7% HP)
You have supernaturally acute eyesight. (SInv)
Armour fits poorly on your strangely shaped body.
You can roll at nearby foes to attack.
You have a long armoured tail.
You curl defensively after being hit. (AC +7*)


Message History

The ogre hits you but does no damage.
You feel much better.
You feel very sick. You block Edmund's attack.
Grinder blinks!
Edmund hits you but does no damage.
You are more poisoned.
Grinder gestures at you. You resist with some effort.
The ogre barely misses you.
You hit the ogre.
You kill the ogre!
Trog accepts your kill.
You hit Edmund but do no damage.
You feel very sick. You block Edmund's attack. Grinder gestures at you.
You suddenly lose the ability to move!
Grinder gestures at you. You resist with some effort.
Edmund hits you with a +0 flail of venom.
* * * LOW HITPOINT WARNING * * *
You are lethally poisoned!
* * * LOW HITPOINT WARNING * * *
You feel very sick. Edmund hits you but does no damage.
You are more poisoned.
* * * LOW HITPOINT WARNING * * *
You feel very sick. Edmund hits you but does no damage.
You can move again.
Unknown command.
Unknown command.
Your skin crawls.
You feel strong-willed.
* * * LOW HITPOINT WARNING * * *
You feel very sick. Edmund barely misses you. You block Edmund's attack.
You are confused.
You feel invigorated.
You feel very sick.
Edmund hits you with a +0 flail of venom!
You die...

.............. ....
##........... ##..
##.......... #...
##.†....... .###...
### #...†....#
......###.###........#
##...........#....##
#..).............##
#.@@.###.#......##
#..5..#####....##
#......# ###.##
..........# ##
...##........ >.
.......... .
..##........ ...
.....###.


You could see Edmund and Grinder.

Vanquished Creatures
  Pikel (D:4)
  2 ogres
  A lemure (D:4)
  A scorpion (D:4)
  2 necrophages (D:4)
  5 howler monkeys (D:3)
  A hound (D:3)
  An orc priest (D:3)
  A gnoll bouda (D:3)
  Crazy Yiuf (D:3)
  An iguana (D:4)
  2 orc wizards (D:3)
  14 gnolls (D:3)
  6 adders
  A worm (D:2)
  2 dart slugs (D:2)
  18 orcs (D:3)
  3 bats (D:1)
  4 endoplasms
  A giant cockroach (D:2)
  2 goblins (D:1)
  7 hobgoblins
  16 jackals (D:3)
  3 quokkas
  8 ball pythons
  2 frilled lizards (D:2)
  5 kobolds
  2 rats
113 creatures vanquished.

Vanquished Creatures (others)
  2 plants (D:3)
2 creatures vanquished.

Grand Total: 115 creatures vanquished

Notes
Turn   | Place    | Note
-------+----------+-------------------------------------------
     0 | D:1      | RBrandon the Palentonga Berserker began the quest for the
                  | Orb.
     0 | D:1      | Reached XP level 1. HP: 19/19 MP: 1/1
   501 | D:1      | Reached XP level 2. HP: 25/25 MP: 2/2
  1152 | D:2      | Reached XP level 3. HP: 24/31 MP: 3/3
  1471 | D:2      | Reached ** piety under Trog
  1513 | D:2      | Reached skill level 4 in Fighting
  2158 | D:3      | Reached XP level 4. HP: 33/40 MP: 4/4
  2327 | D:3      | Identified the +0 leather armour of Inquiry {Harm rPois
                  | Int+5 Slay-2}
  2559 | D:3      | Reached skill level 5 in Fighting
  2676 | D:3      | Found a runed translucent door.
  2677 | D:3      | Noticed Crazy Yiuf
  2743 | D:3      | Killed Crazy Yiuf
  2744 | D:3      | Reached XP level 5. HP: 47/47 MP: 5/5
  3003 | D:3      | Reached XP level 6. HP: 55/55 MP: 6/6
  3008 | D:3      | Reached skill level 6 in Fighting
  3173 | D:3      | Found a broken altar of Ashenzari.
  3177 | D:3      | Reached skill level 5 in Axes
  3430 | D:3      | Reached *** piety under Trog
  3434 | D:3      | Gained mutation: You curl defensively after being hit. (AC
                  | +7*) [Palentonga growth]
  3434 | D:3      | Reached XP level 7. HP: 44/63 MP: 7/7
  3711 | D:3      | Reached skill level 7 in Fighting
  3842 | D:4      | Reached skill level 1 in Shields
  3933 | D:4      | Noticed Pikel
  3943 | D:4      | Killed Pikel
  3944 | D:4      | Reached skill level 5 in Shields
  3944 | D:4      | Reached XP level 8. HP: 71/71 MP: 8/8
  4082 | D:4      | Noticed Edmund
  4089 | D:4      | Noticed Grinder
  4094 | D:4      | Paralysed by Grinder for 5 turns
  4101 | D:4      | HP: 1/71 [Edmund/+0 flail of venom (6)]
  4103 | D:4      | Paralysed by Grinder for 4 turns
  4106 | D:4      | HP: 1/71 [poisoned by Edmund]
  4107 | D:4      | Slain by Edmund

Illustrated notes

Levels and vault maps discovered:
D:1:      dpeg_arrival_stone_temple_mockup, layout_loops_corners
D:2:      layout_basic
D:3:      lemuel_castle_with_subvaults [lemuel_castle_interior_carwin_2],
          layout_basic, nicolae_ashenzari_skybound, uniq_crazy_yiuf_cottage
D:4:      layout_cave_pools, chequers_decorated_corner, uniq_edmund, uniq_pikel,
          uniq_grinder

Skill      XL: |  1  2  3  4  5  6  7 |
---------------+----------------------+-----
Fighting       | 4 5 6 7 |  7.0
Axes           | 4 5 6 |  6.0
Shields        | 5 |  5.9
Armour         | |  1.8
Dodging        | |  1.6

Action                   |  1- 3 |  4- 6 |  7- 9 || total
-------------------------+-------+-------+-------++-------
Melee: Hand axe          |    55 |       |       ||    55
       Tailslap          |     7 |    11 |     2 ||    20
       Punch             |     1 |       |       ||     1
       Quarterstaff      |    47 |   111 |    30 ||   188
       War axe           |       |    18 |    38 ||    56
Invok: Berserk           |     2 |     6 |     2 ||    10
       Trog's Hand       |       |     2 |     1 ||     3
 Abil: Rolling Charge    |    17 |    13 |    11 ||    41
  Use: Scroll            |       |     8 |     3 ||    11
       Potion            |       |       |     3 ||     3
Armor: Animal skin       |    14 |       |       ||    14
       Ring mail         |     5 |       |       ||     5
       Chain mail        |    19 |    86 |    32 ||   137
Dodge: Dodged            |    38 |    46 |    17 ||   101
Block: Tower shield      |       |       |    29 ||    29

Table legend: (Time is in decaauts)
 A = Elapsed time spent in this place.
 B = Non-inter-level travel time spent in this place.
 C = Inter-level travel time spent in this place.
 D = Time resting spent in this place.
 E = Time spent auto-exploring this place.
 F = Levels seen in this place.
 G = Mean time per level.
                   A        B        C        D        E       F      G
               +--------+--------+--------+--------+--------+-----+--------+
         Total |   4287 |   4170 |    117 |    913 |   2423 |   4 | 1071.8 |
       Dungeon |   4287 |   4170 |    117 |    913 |   2423 |   4 | 1071.8 |
               +--------+--------+--------+--------+--------+-----+--------+

Top non-repeatable levels by time:
     D:3: 1964 daAuts
     D:2: 1199 daAuts
     D:1: 819 daAuts
     D:4: 303 daAuts

Table legend:
 A = Kills in this place as a percentage of kills in entire the game.
 B = Kills by you in this place as a percentage of kills by you in the entire game.
 C = Kills by friends in this place as a percentage of kills by friends in the entire game.
 D = Other kills in this place as a percentage of other kills in the entire game.
 E = Experience gained in this place as a percentage of experience gained in the entire game.
 F = Experience gained in this place divided by the number of levels of this place that you have seen.
                   A       B       C       D       E      F
               +-------+-------+-------+-------+-------+----------------------
         Total | 100.0 | 100.0 |   N/A |   N/A | 100.0 | 525.8
       Dungeon | 100.0 | 100.0 |   N/A |   N/A | 100.0 | 525.8
               +-------+-------+-------+-------+-------+----------------------
